 Dungeon Crawl Stone Soup version 0.23.0-3-gf3c87f2 (webtiles) character file.

Game seed: 13692572228560513745

2855 tatocazan the Zephyrmancer (level 9, -2/45 HPs)
             Began as a Deep Elf Air Elementalist on Feb 22, 2019.
             Was an Initiate of Vehumet.
             Slain by a water moccasin (10 damage)
             ... on level 8 of the Dungeon.
             The game lasted 00:25:46 (14124 turns).

tatocazan the Zephyrmancer (DEAE)                  Turns: 14124, Time: 00:25:47

Health: -2/45      AC:  4    Str:  5    XL:     9   Next: 46%
Magic:  22/22      EV: 17    Int: 24    God:    Vehumet [......]
Gold:   293        SH:  4    Dex: 20    Spells: 13/23 levels left

rFire    . . .     SeeInvis .   m - +2 dagger (speed)
rCold    . . .     Gourm    .   (no shield)
rNeg     . . .     Faith    .   a - +0 robe
rPois    .         Spirit   .   (no helmet)
rElec    .         Reflect  +   (no cloak)
rCorr    .         Harm     .   e - +0 pair of gloves
MR       .....                  v - +0 pair of boots
Stlth    ++++......             y - +4 amulet of reflection
HPRegen  0.15/turn              x - +5 ring of dexterity
MPRegen  0.18/turn              (no ring)

@: fainting, lightly drained
A: no striking features
a: Renounce Religion


You were on level 8 of the Dungeon.
You worshipped Vehumet.
Vehumet was noncommittal.
You were fainting.

You visited 2 branches of the dungeon, and saw 9 of its levels.

You collected 293 gold pieces.

Inventory:

Hand Weapons
 m - a +2 dagger of speed (weapon)
Armour
 a - a +0 robe (worn)
 e - a +0 pair of gloves (worn)
 v - a +0 pair of boots (worn)
Jewellery
 x - a +5 ring of dexterity (left hand)
 y - a +4 amulet of reflection (around neck)
Scrolls
 b - 3 scrolls of fog
 k - 11 scrolls of identify
 l - a scroll of amnesia {unknown}
 o - 5 scrolls of remove curse
 r - a scroll of magic mapping {unknown}
 s - a scroll of enchant armour {unknown}
 u - 2 scrolls of enchant weapon {unknown}
 A - a scroll of silence {unknown}
Potions
 d - 4 potions of degeneration {unknown}
 f - 2 potions of invisibility {unknown}
 g - 4 potions of curing {unknown}
 h - a potion of brilliance {unknown}
 i - 3 potions of flight {unknown}
 j - a potion of lignification {unknown}
 n - 2 potions of magic {unknown}
 p - 2 potions of haste {unknown}
 t - a potion of berserk rage {unknown}
 w - a potion of ambrosia {unknown}


   Skills:
 + Level 6.8(6.5) Dodging
 + Level 7.4(7.1) Stealth
 + Level 7.7(7.4) Spellcasting
 + Level 5.8(5.5) Conjurations
 * Level 8.1(7.8) Air Magic


You had 13 spell levels left.
You knew the following spells:

 Your Spells              Type           Power        Failure   Level  Hunger
a - Shock                 Conj/Air       ####         1%          1    None
b - Swiftness             Chrm/Air       ####....     1%          2    None
c - Static Discharge      Conj/Air       #####...     1%          3    None
d - Airstrike             Air            #####.....   2%          4    ###....

Your spell library contained the following spells:

 Spells                   Type           Power        Failure   Level  Hunger
 Beastly Appendage        Tmut           #.....       7%          1    None
 Confusing Touch          Hex            #.....       7%          1    None
 Sticks to Snakes         Tmut           #.......     11%         2    None
 Lightning Bolt           Conj/Air       #####.....   12%         5    #####..
 Confuse                  Hex            #.......     21%         3    None
 Gell's Gravitas          Tloc           #.........   21%         3    None
 Spider Form              Tmut/Pois      #.........   21%         3    None
 Ice Form                 Ice/Tmut       #.......     56%         4    ###....
 Petrify                  Tmut/Erth      #.......     56%         4    ###....
 Blade Hands              Tmut           #.........   88%         5    #####..
 Metabolic Englaciation   Hex/Ice        #.........   88%         5    #####..
 Yara's Violent Unravell  Hex/Tmut       #.........   88%         5    #####..


Dungeon Overview and Level Annotations

Branches:
Dungeon (8/15)             Temple (1/1) D:5            Lair (0/6) D:8

Altars:
Ashenzari
Cheibriados
Dithmenos
Elyvilon
Fedhas
Gozag
Hepliaklqana
Kikubaaqudgha
Makhleb
Nemelex Xobeh
Okawaru
Qazlal
Ru
Sif Muna
Trog
Vehumet
Wu Jian
Xom
Yredelemnul
Zin
The Shining One

Annotations:
D:5 2 transporters, Faca's ghost, novice FoFi
D:7 exclusions: statue and 1 more exclusion
D:8 Pikel


Message History

As you read the scroll of teleportation, it crumbles to dust.
You feel strangely unstable. The hell rat bites you.
You feel drained. The hell rat barely misses you.
You take 5 damage, and have 21/45 hp.
You see here an arrow.
Your surroundings suddenly seem different.
You lose consciousness!
The slave hits you but does no damage. The slave hits you! The slave hits you.
* * * LOW HITPOINT WARNING * * *
The slave hits you.
* * * LOW HITPOINT WARNING * * *
The slave hits you.
* * * LOW HITPOINT WARNING * * *
You can move again.
You take 15 damage, and have 7/45 hp.
MASSIVE DAMAGE!!
Found a staircase to the Lair.
The water moccasin bites you!
You die...

.........#...#
......p..###.#######
....p....# #.......##
#..cK........####...#######
.........###...............
.........# #####.........##
..p......# #.p.......#
..<......# ##....#....#
(.(....... #.@..###....#
.(._......
#S.r........#######
.((.......
#.....>......#.c...
..........
...............S..h
..........
###.........ZY######
#........# .#........#.## #
#......... #....r..Zr .r. #
........###r#### #...rr.#.


You could see a water moccasin, a slave, a hell rat (wandering), a rat and a
bullfrog skeleton (wandering).

Vanquished Creatures
  Grinder (D:6)
  Edmund (D:4)
  A sky beast (D:5)
  An ice beast (D:6)
  An orc warrior (D:6)
  A slave (D:7)
  5 phantoms
  An eye of draining (D:7)
  3 ogres
  A centaur (D:6)
  2 bullfrogs (D:6)
  Blork the orc (D:4)
  2 scorpions (D:7)
  A howler monkey (D:5)
  3 crimson imps (D:6)
  A bullfrog zombie (D:6)
  2 hounds
  6 orc priests
  2 gnoll shamans
  A jelly (D:6)
  An iguana (D:6)
  7 orc wizards
  Natasha (twice) (D:4)
  A worker ant (D:8)
  A hound zombie (D:7)
  A worker ant zombie (D:6)
  A howler monkey zombie (D:7)
  13 gnolls
  2 adders
  A shadow imp (D:5)
  An ooze (D:3)
  An adder zombie (D:7)
  An adder skeleton (D:4)
  2 dart slugs
  6 leopard geckos
  20 orcs
  5 giant cockroaches
  7 goblins
  9 hobgoblins
  5 jackals
  3 quokkas
  5 bats
  5 frilled lizards
  A jackal skeleton (D:3)
  10 kobolds
  2 leopard gecko skeletons
  A quokka skeleton (D:4)
  6 rats
157 creatures vanquished.

Notes
Turn   | Place    | Note
-------+----------+-------------------------------------------
     0 | D:1      | tatocazan the Deep Elf Air Elementalist began the quest for
                  | the Orb.
     0 | D:1      | Reached XP level 1. HP: 10/10 MP: 6/6
   161 | D:1      | Reached XP level 2. HP: 15/15 MP: 1/8
   165 | D:1      | Learned a level 2 spell: Swiftness
  1603 | D:2      | Reached XP level 3. HP: 19/19 MP: 7/9
  1914 | D:2      | Found an ornate altar of the Wu Jian Council.
  1914 | D:2      | Found a basalt altar of Yredelemnul.
  1914 | D:2      | Found a blossoming altar of Fedhas.
  1915 | D:2      | Found a white marble altar of Elyvilon.
  1918 | D:2      | Found an iron altar of Okawaru.
  1919 | D:2      | Found a glowing silver altar of Zin.
  2302 | D:2      | Learned a level 3 spell: Static Discharge
  2411 | D:2      | Reached XP level 4. HP: 24/24 MP: 3/11
  2703 | D:3      | Learned a level 4 spell: Airstrike
  3519 | D:4      | Noticed a phantom
  3752 | D:4      | Noticed Blork the orc
  3858 | D:4      | Killed a phantom
  3858 | D:4      | Reached skill level 4 in Air Magic
  3858 | D:4      | Reached XP level 5. HP: 7/28 MP: 0/13
  4201 | D:4      | Noticed Edmund
  4597 | D:4      | Killed Blork the orc
  5080 | D:4      | Reached XP level 6. HP: 25/32 MP: 0/14
  5835 | D:5      | Entered Level 5 of the Dungeon
  6482 | D:5      | Found a transporter.
  6486 | D:5      | Noticed Faca's ghost (novice FoFi)
  6491 | D:5      | Found a transporter.
  6537 | D:5      | Found a staircase to the Ecumenical Temple.
  6541 | D:5      | Reached skill level 5 in Spellcasting
  6541 | D:5      | Reached skill level 5 in Air Magic
  6541 | D:5      | Reached XP level 7. HP: 36/36 MP: 4/16
  6548 | Temple   | Entered the Ecumenical Temple
  6759 | D:5      | Found an opulent altar of Gozag.
  6870 | D:5      | Reached skill level 5 in Stealth
  7621 | D:6      | Reached skill level 5 in Dodging
  7623 | D:6      | Reached skill level 6 in Air Magic
  7623 | D:6      | Reached XP level 8. HP: 39/41 MP: 1/18
  8898 | D:6      | Noticed Grinder
  9214 | D:6      | Reached skill level 5 in Conjurations
  9223 | D:6      | Reached skill level 7 in Air Magic
  9763 | D:6      | Paralysed by Grinder for 7 turns
 10909 | D:7      | Reached XP level 9. HP: 45/45 MP: 9/21
 11608 | D:7      | Found a radiant altar of Vehumet.
 11614 | D:7      | Became a worshipper of Vehumet
 12060 | D:8      | Found a deep blue altar of Sif Muna.
 12091 | D:8      | Noticed a two-headed ogre
 12153 | D:6      | Killed Grinder
 12506 | D:4      | Killed Edmund
 12830 | D:4      | Noticed Natasha
 13000 | D:4      | Killed Natasha
 13020 | D:4      | Noticed Natasha
 13022 | D:4      | Killed Natasha
 13493 | D:7      | Reached skill level 8 in Air Magic
 13634 | D:8      | Noticed Pikel
 14031 | D:8      | Noticed a death yak
 14031 | D:8      | Noticed a death yak
 14036 | D:8      | Noticed a death yak
 14042 | D:8      | Noticed a two-headed ogre
 14105 | D:8      | Paralysed by fainting for 11 turns
 14123 | D:8      | Found a staircase to the Lair.
 14124 | D:8      | Slain by a water moccasin

Skill      XL: |  1  2  3  4  5  6  7  8  9 |
---------------+----------------------------+-----
Stealth        | 3 4 5 6 7 |  7.4
Dodging        | 3 4 5 6 |  6.8
Conjurations   | 2 3 4 5 |  5.8
Spellcasting   | 4 5 7 |  7.7
Air Magic      | 4 5 6 7 8 |  8.1

Action                   |  1- 3 |  4- 6 |  7- 9 || total
-------------------------+-------+-------+-------++-------
Melee: Dagger            |       |    21 |    56 ||    77
 Cast: Shock             |    98 |    60 |    84 ||   242
       Swiftness         |     1 |     2 |     1 ||     4
       Static Discharge  |       |    14 |    26 ||    40
       Airstrike         |       |    19 |    76 ||    95
  Use: Scroll            |     4 |       |     3 ||     7
  Eat: Chunk             |     4 |     6 |    12 ||    22
       Ration            |       |     3 |     5 ||     8
Armor: Robe              |     3 |     6 |    14 ||    23
Dodge: Dodged            |     8 |    17 |    85 ||   110
Block: Other             |       |       |    14 ||    14
       Reflection        |       |       |     1 ||     1
